 Dungeon Crawl Stone Soup version 0.31-a0-83-gbff143cfd1 (webtiles) character file.

Game seed: 8792318837173715754

1019 pokeman the Thaumaturge (level 8, -8/44 HPs)
             Began as a Deep Elf Hedge Wizard on May 24, 2023.
             Mangled by a wraith (12 damage)
             ... on level 5 of the Dungeon.
             The game lasted 00:14:26 (6433 turns).

pokeman the Thaumaturge (Deep Elf Hedge Wizard)     Turns: 6433, Time: 00:14:26

Health: -8/44      AC:  2    Str:  7    XL:     8   Next: 2%
Magic:  9/22       EV: 13    Int: 22    God:
Gold:   263        SH:  0    Dex: 20    Spells: 12/24 levels left

rFire   . . .        G - +7 staff of the Meek {protect, meekguard}
rCold   + . .        (shield currently unavailable)
rNeg    . . .        b - +0 robe
rPois   .            c - +0 hat
rElec   .            (no cloak)
rCorr   .            (no gloves)
SInv    .            (no boots)
Will    .....        (no amulet)
Stlth   +++          e - +6 ring of dexterity
HPRegen 0.27/turn    i - ring of protection from cold
MPRegen 0.18/turn

%: no passive effects
@: on blink cooldown
A: no striking features
a: no special abilities


You were on level 5 of the Dungeon.
You visited 2 branches of the dungeon, and saw 6 of its levels.
You also visited: Sewer and Ossuary.

You collected 263 gold pieces.

Inventory:

Hand Weapons
 v - a +0 dagger of draining
 G - the +7 staff of the Meek (weapon) {protect, meekguard}
   (You found it on level 5 of the Dungeon)
Armour
 b - a +0 robe (worn)
 c - a +0 hat (worn)
 u - a scarf of shadows
 A - a +1 ring mail of fire resistance
Jewellery
 e - a +6 ring of dexterity (left hand)
 i - a ring of protection from cold (right hand)
Wands
 F - a wand of roots (5)
Scrolls
 a - a scroll of immolation {unknown}
 f - a scroll of amnesia {unknown}
 g - 7 scrolls of identify {unknown}
 h - 8 scrolls of teleportation {unknown}
 j - 4 scrolls of enchant weapon {unknown}
 n - a scroll of blinking {unknown}
 s - a scroll of silence {unknown}
 t - a scroll of vulnerability {unknown}
 x - a scroll of poison {unknown}
 y - a scroll of enchant armour {unknown}
 z - a scroll of noise {unknown}
 B - a scroll of fog {unknown}
 C - a scroll of magic mapping {unknown}
 D - a scroll of summoning {unknown}
Potions
 d - a potion of magic
 k - 4 potions of attraction {unknown}
 l - 4 potions of curing {unknown}
 m - 2 potions of heal wounds {unknown}
 o - a potion of invisibility {unknown}
 p - 4 potions of might {unknown}
 q - a potion of resistance {unknown}
 r - a potion of haste {unknown}
 w - 2 potions of enlightenment {unknown}
 E - 2 potions of degeneration {unknown}


   Skills:
 - Level 2.0 Fighting
 + Level 1.9 Armour
 - Level 3.1 Dodging
 - Level 3.2 Stealth
 * Level 8.9 Spellcasting
 + Level 4.5 Conjurations
 - Level 1.1 Summonings
 - Level 1.1 Translocations
 + Level 3.1 Fire Magic
 - Level 1.0 Air Magic
 - Level 1.1 Poison Magic


You had 12 spell levels left.
You knew the following spells:

 Your Spells              Type           Power      Damage    Failure   Level
a - Magic Dart            Conj           100%       1d8       1%          1
b - Mephitic Cloud        Conj/Pois/Air  13%        N/A       16%         3
c - Call Imp              Summ           28%        N/A       6%          2
d - Blink                 Tloc           28%        N/A       6%          2
e - Flame Wave            Conj/Fire      21%        2d8       22%         4

Your spell library contained the following spells:

 Spells                   Type           Power      Damage    Failure   Level
 Slow                     Hex            36%        N/A       7%          1
 Cigotuvi's Dreadful Rot  Necr/Pois/Air  12%        N/A       14%         2
 Inner Flame              Hex/Fire       11%        N/A       17%         3
 Sticky Flame             Conj/Fire      21%        2d4       22%         4


Dungeon Overview and Level Annotations

Branches:
Dungeon (5/15)             Temple (1/1) D:5           Sewer (visited)
Ossuary (visited)

Altars:
Ashenzari
Cheibriados
Gozag
Kikubaaqudgha
Makhleb
Nemelex Xobeh
Sif Muna
Trog
Uskayaw
Wu Jian
Xom
Yredelemnul
The Shining One


Message History

The wraith is lightly damaged. (Press . to intensify the flame waves.)
The wraith barely misses you.
Unknown command.
A wave of flame ripples out!
The flame wave engulfs the wraith.
The wraith is lightly damaged.
The wraith hits you! The wraith drains your vigour!
You feel yourself slow down.
A wave of flame ripples out!
The flame wave engulfs the wraith.
The wraith is lightly damaged.
You finish channelling waves of flame.
The wraith closely misses you. The wraith hits you!
Unknown command.
Casting: Flame Wave (quite dangerous; 22% risk of failure)
Confirm with . or Enter, or press ? or * to list all spells.
The spell is quite dangerous to miscast (22% risk of failure)!
Continue anyway?
Casting: Flame Wave (quite dangerous; 22% risk of failure)
Press: ? - help, Dir - look around, f - activate A wave of flame ripples out!
The flame wave engulfs the wraith!
The wraith is moderately damaged. (Press . to intensify the flame waves.)
The wraith hits you!
Unknown command.
You barely miss the wraith.
The wraith is moderately damaged.
The wraith hits you!
* * * LOW HITPOINT WARNING * * *
The wraith barely misses you.
Unknown command.
Casting: Flame Wave (quite dangerous; 22% risk of failure)
Confirm with . or Enter, or press ? or * to list all spells.
You blink.
Unknown command.
Items here: )))) [[.
Casting: Blink (safe; 6% risk of failure)
Confirm with . or Enter, or press ? or * to list all spells.
A tiny devil pulls itself out of the air.
You feel yourself speed up. The wraith hits you!
You die...

#.####8.....8#....#.......W.
#....##.....###.#...####...#
########...##.#.#.####...#..
##.###.##.........#...#
#8.#)#.8##.#########.##
##.)...###.# #...
#.....###.# #### ###5###...#
#..@W.### #######


You could see a wraith (ally target) and a friendly cerulean imp (summoned).

Vanquished Creatures
  A water moccasin (D:5)
  A black bear (D:5)
  An orc warrior (D:5)
  A bullfrog (D:5)
  A scorpion (D:5)
  An oklob sapling (D:5)
  A howler monkey (D:5)
  A hound (D:5)
  4 jellies (Sewer)
  2 orc priests (D:5)
  Ijyb (D:5)
  An iguana (D:5)
  A sleepcap (D:5)
  A mummy (Ossuary)
  12 adders
  A worm (Sewer)
  A dart slug (D:2)
  12 orcs
  5 ball pythons
  5 bats
  7 endoplasms
  7 giant cockroaches
  4 goblins
  10 hobgoblins
  4 jackals
  3 quokkas
  5 frilled lizards
  6 kobolds
  3 kobold skeletons (Ossuary)
  3 orc skeletons (Ossuary)
  5 rats
111 creatures vanquished.

Vanquished Creatures (collateral kills)
  A ball python (D:3)
  A gnoll skeleton (Ossuary)
  A kobold skeleton (Ossuary)
  2 orc skeletons (Ossuary)
5 creatures vanquished.

Grand Total: 116 creatures vanquished

Notes
Turn   | Place    | Note
-------+----------+-------------------------------------------
     0 | D:1      | pokeman the Deep Elf Hedge Wizard began the quest for the
                  | Orb.
     0 | D:1      | Reached XP level 1. HP: 10/10 MP: 7/7
   296 | D:1      | Reached XP level 2. HP: 16/16 MP: 2/9
  1082 | D:2      | Reached skill level 5 in Spellcasting
  1082 | D:2      | Reached XP level 3. HP: 19/20 MP: 0/11
  1086 | D:2      | Learned a level 3 spell: Mephitic Cloud
  1089 | D:2      | Learned a level 2 spell: Call Imp
  1092 | D:2      | Learned a level 2 spell: Blink
  1683 | D:2      | Reached skill level 1 in Fighting
  1683 | D:2      | Reached skill level 1 in Armour
  2337 | D:3      | Found a faded altar of an unknown god.
  2406 | D:3      | Found a glowing drain.
  2411 | D:3      | Reached XP level 4. HP: 25/25 MP: 13/13
  2459 | Sewer    | Entered a sewer
  2869 | Sewer    | Reached skill level 6 in Spellcasting
  2875 | Sewer    | Reached XP level 5. HP: 29/29 MP: 6/15
  3024 | Sewer    | Found a viscous altar of Jiyva.
  3119 | Sewer    | Reached skill level 1 in Air Magic
  3119 | Sewer    | Reached skill level 1 in Poison Magic
  3119 | Sewer    | Reached XP level 6. HP: 31/34 MP: 10/17
  3731 | D:4      | Learned a level 4 spell: Flame Wave
  4113 | D:4      | Found a snail-covered altar of Cheibriados.
  4199 | D:4      | Found a hide-covered altar of Uskayaw.
  4241 | D:4      | Found a shimmering altar of Xom.
  4242 | D:4      | Found a bloodstained altar of Trog.
  4717 | D:5      | Entered Level 5 of the Dungeon
  4753 | D:5      | Reached skill level 7 in Spellcasting
  4753 | D:5      | Reached skill level 1 in Fire Magic
  4852 | D:5      | Found a staircase to the Ecumenical Temple.
  4872 | Temple   | Entered the Ecumenical Temple
  4901 | D:5      | Found a sand-covered staircase.
  4907 | Ossuary  | Entered an ossuary
  4907 | Ossuary  | Noticed a wraith
  4907 | Ossuary  | Noticed a wraith
  4907 | Ossuary  | Noticed a wraith
  5061 | Ossuary  | Noticed a wraith
  5501 | D:5      | Noticed Ijyb
  5510 | D:5      | Noticed a water moccasin
  5517 | D:5      | Killed a water moccasin
  5518 | D:5      | Reached XP level 7. HP: 17/39 MP: 4/20
  5608 | D:5      | Killed Ijyb
  5851 | D:5      | Reached skill level 8 in Spellcasting
  6388 | D:5      | Reached XP level 8. HP: 40/44 MP: 20/22
  6403 | D:5      | Found the +7 staff of the Meek {protect, meekguard}
  6433 | D:5      | Mangled by a wraith

Illustrated notes

Levels and vault maps discovered:
D:1:      wheals_arrival_linesprint, layout_basic, nrook_mini_backslash
D:2:      layout_loops_corners
D:3:      layout_loops_ring, basic_ecumenical_altar, gup_sewer_entry_glass,
          minmay_misc_feat_diagonals
D:4:      layout_basic, mainiacjoe_overflow_tiny_flanked,
          grunt_temple_overflow_open
D:5:      layout_loops_ring, minmay_temple_entry_oklob, enter_ossuary_1,
          minmay_tree_intersection, pf_guarded_unrand_meek, uniq_ijyb
Temple:   nicolae_temple_cloud_nine

Skill      XL: |  1  2  3  4  5  6  7 |
---------------+----------------------+-----
Spellcasting   | 5 6 7 8 |  8.9
Fighting       | 1 2 |  2.0
Armour         | 1 |  1.9
Conjurations   | 2 3 4 |  4.5
Stealth        | 3 |  3.2
Dodging        | 3 |  3.1
Air Magic      | 1 |  1.0
Poison Magic   | 1 |  1.1
Fire Magic     | 2 3 |  3.1
Summonings     | |  1.1
Translocations | |  1.1

Action                     |  1- 3 |  4- 6 |  7- 9 || total
---------------------------+-------+-------+-------++-------
  Melee: Dagger            |     6 |    44 |    56 ||   106
         Punch             |       |     2 |       ||     2
         Quarterstaff      |       |       |     1 ||     1
   Cast: Magic Dart        |    91 |   130 |    16 ||   237
         Call Imp          |       |     9 |     7 ||    16
         Mephitic Cloud    |       |     4 |    10 ||    14
         Blink             |       |     4 |     1 ||     5
         Flame Wave        |       |       |     2 ||     2
   Stab: Sleeping          |     3 |     1 |       ||     4
         Confused          |       |     5 |     8 ||    13
         Distracted        |       |     1 |     1 ||     2
 Armour: Robe              |     4 |     9 |     5 ||    18
  Dodge: Dodged            |    12 |    47 |    38 ||    97

Table legend: (Time is in decaauts)
 A = Elapsed time spent in this place.
 B = Non-inter-level travel time spent in this place.
 C = Inter-level travel time spent in this place.
 D = Time resting spent in this place.
 E = Time spent auto-exploring this place.
 F = Levels seen in this place.
 G = Mean time per level.
                   A        B        C        D        E       F      G
               +--------+--------+--------+--------+--------+-----+--------+
         Total |   6480 |   6229 |    251 |    184 |   4757 |   8 |  810.0 |
       Dungeon |   5409 |   5158 |    251 |    118 |   4030 |   5 | 1081.8 |
        Temple |     22 |     22 |      0 |      0 |      0 |   1 |   22.0 |
         Sewer |    764 |    764 |      0 |     66 |    588 |   1 |  764.0 |
       Ossuary |    283 |    283 |      0 |      0 |    139 |   1 |  283.0 |
               +--------+--------+--------+--------+--------+-----+--------+

Top non-repeatable levels by time:
     D:4: 1214 daAuts
     D:5: 1205 daAuts
     D:2: 1166 daAuts
     D:1: 1049 daAuts
     D:3: 773 daAuts
   Sewer: 764 daAuts
 Ossuary: 283 daAuts
  Temple: 22 daAuts
